 Dungeon Crawl Stone Soup version 0.25.0-3-gd7cc5688da (webtiles) character file.

Game seed: 11102025506336174025

1236 Hasart the Stinger (level 8, -15/41 HPs)
             Began as a Gargoyle Venom Mage on June 14, 2020.
             Was an Initiate of Vehumet.
             Killed from afar by an efreet (19 damage)
             ... with a fireball
             ... on level 6 of the Dungeon on June 15, 2020.
             The game lasted 00:12:53 (7924 turns).

Hasart the Stinger (Gargoyle Venom Mage)            Turns: 7924, Time: 00:12:54

Health: -15/41     AC:  8    Str: 11      XL:     8   Next: 49%
Magic:  13/13      EV: 12    Int: 19      God:    Vehumet [......]
Gold:   290        SH:  0    Dex:  7 (10) Spells: 5/14 levels left

rFire    . . .     SeeInvis .   h - +1 dire flail (vorpal)
rCold    . . .     Gourm    .   (shield currently unavailable)
rNeg     + . .     Faith    .   a - +0 robe
rPois    ∞         Spirit   .   (no helmet)
rElec    +         Reflect  .   (no cloak)
rCorr    .         Harm     .   (no gloves)
MR       .....                  k - +0 pair of boots
Stlth    ++........             (no amulet)
HPRegen  0.13/turn              (no ring)
MPRegen  0.13/turn              (no ring)

@: about to teleport
A: negative energy resistance 1, electricity resistance, unbreathing,
petrification resistance, rot immunity, AC +5
a: Renounce Religion


You were on level 6 of the Dungeon.
You worshipped Vehumet.
Vehumet was noncommittal.
You were not hungry.

You visited 2 branches of the dungeon, and saw 7 of its levels.

You collected 290 gold pieces.

Inventory:

Hand Weapons
 h - a +1 vorpal dire flail (weapon)
 A - a +0 long sword
Armour
 a - a +0 robe (worn)
 k - a +0 pair of boots (worn)
 s - a +1 scale mail of cold resistance
Jewellery
 i - an uncursed ring of ice
 C - a +6 ring of intelligence
Wands
 o - a wand of flame (22)
Scrolls
 b - 8 scrolls of remove curse {unknown}
 d - 2 scrolls of identify
 f - 2 scrolls of teleportation
 j - a scroll of random uselessness {unknown}
 p - 2 scrolls of enchant armour {unknown}
 r - 2 scrolls of magic mapping {unknown}
 t - 2 scrolls of enchant weapon {unknown}
 u - a scroll of fear {unknown}
 w - a scroll of amnesia {unknown}
 y - a scroll of blinking {unknown}
Potions
 e - a potion of brilliance {unknown}
 g - 4 potions of curing {unknown}
 l - a potion of might {unknown}
 m - 2 potions of flight {unknown}
 n - 3 potions of heal wounds {unknown}
 q - a potion of degeneration {unknown}
 v - a potion of stabbing {unknown}
 x - a potion of haste {unknown}
 z - a potion of berserk rage {unknown}
Comestibles
 c - 8 rations
 B - 7 chunks of flesh


   Skills:
 + Level 3.4 Dodging
 - Level 2.2 Stealth
 + Level 3.8 Spellcasting
 + Level 2.9 Conjurations
 + Level 3.0 Transmutations
 + Level 2.7 Fire Magic
 + Level 2.1 Air Magic
 * Level 6.2 Poison Magic


You had 5 spell levels left.
You knew the following spells:

 Your Spells              Type           Power        Failure   Level  Hunger
a - Sting                 Tmut/Pois      ###.         1%          1    None
b - Poisonous Vapours     Pois/Air       ###...       3%          2    ##.....
c - Mephitic Cloud        Conj/Pois/Air  ###.....     9%          3    ###....
e - Ignite Poison         Fire/Tmut/Pois ###.....     9%          3    ###....

Your spell library contained the following spells:

 Spells                   Type           Power        Failure   Level  Hunger
 Olgreb's Toxic Radiance  Pois           ####....     11%         4    ####...


Dungeon Overview and Level Annotations

Branches:
Dungeon (6/15)             Temple (1/1) D:5

Altars:
Ashenzari
Cheibriados
Dithmenos
Elyvilon
Fedhas
Gozag
Hepliaklqana
Kikubaaqudgha
Makhleb
Nemelex Xobeh
Okawaru
Qazlal
Ru
Sif Muna
Trog
Uskayaw
Vehumet
Wu Jian
Xom
Yredelemnul
Zin


Innate Abilities, Weirdness & Mutations

You are resistant to torment.
Your stone body is resilient. (AC +5)
You are immune to poison.
You resist negative energy. (rN+)
You are resistant to electric shocks. (rElec)
You can survive without breathing.
You are immune to petrification.
You are immune to rotting.


Message History

Okay, then.
Okay, then.
You close the door.
As you read the scroll labeled EKLESI HEXTIO, it crumbles to dust.
It is a scroll of identify.
C - a +6 ring of intelligence
As you read the scroll labeled OTRURH MOFEB, it crumbles to dust.
You feel strangely unstable.
It was a scroll of teleportation.
Something unseen opens the door.
Unknown command.
You open the door.
A shadow imp comes into view.
The shadow imp shouts!
The efreet gestures at you. The bolt of fire hits you!
* * * LOW HITPOINT WARNING * * *
Unknown command.
The efreet gestures at you.
The fireball explodes!
The fireball engulfs you!!
You die...

#...##.###'## #..# ###.#
######......# #..# #...#
##########+###..# #.###
##...##........# #.#
#.....#........#####)#
#....R'..8.........#)###
#................#
#.............##.#
###@###.......# .#
#...##.....÷.# .
#.....#.......# #.
#.....######'###.#.#
########..5..######.....#
#
#......##...##........###
#......#######....<...#
#.....................#
#.......##.......######


You could see an efreet and a shadow imp.

Vanquished Creatures
  Edmund (D:6)
  An ice beast (D:5)
  A necrophage (D:6)
  A phantom (D:4)
  2 bullfrogs (D:6)
  A scorpion (D:4)
  A water moccasin skeleton (D:5)
  A crimson imp (D:4)
  A bullfrog zombie (D:5)
  A quasit (D:4)
  A hound (D:4)
  2 orc priests
  A centaur skeleton (D:4)
  2 worker ants
  2 iguanas (D:5)
  A hound zombie (D:6)
  3 gnolls (D:6)
  A howler monkey skeleton (D:4)
  A river rat (D:5)
  8 adders
  A shadow imp (D:5)
  5 oozes
  3 worms
  4 dart slugs
  5 leopard geckos
  15 orcs
  4 giant cockroaches
  7 goblins
  11 hobgoblins
  18 jackals
  A quokka (D:2)
  4 bats
  A giant cockroach zombie (D:3)
  6 kobolds
  A leopard gecko skeleton (D:4)
  8 rats
127 creatures vanquished.

Notes
Turn   | Place    | Note
-------+----------+-------------------------------------------
     0 | D:1      | Hasart the Gargoyle Venom Mage began the quest for the Orb.
     0 | D:1      | Reached XP level 1. HP: 10/10 MP: 3/3
     0 | D:1      | Upgraded the game from 0.25.0-1-g7eea58d2a3 to
                  | 0.25.0-3-gd7cc5688da
   241 | D:1      | Reached XP level 2. HP: 15/15 MP: 1/5
   592 | D:1      | Reached skill level 1 in Transmutations
   712 | D:1      | Reached XP level 3. HP: 18/19 MP: 1/6
  1518 | D:2      | Reached XP level 4. HP: 24/24 MP: 2/7
  1522 | D:2      | Learned a level 2 spell: Poisonous Vapours
  1526 | D:2      | Learned a level 3 spell: Ignite Poison
  1693 | D:2      | Found a glowing silver altar of Zin.
  1853 | D:2      | Reached skill level 4 in Poison Magic
  2052 | D:2      | Found a shadowy altar of Dithmenos.
  2167 | D:2      | Reached XP level 5. HP: 23/28 MP: 4/9
  2562 | D:2      | Found a sparkling altar of Nemelex Xobeh.
  2739 | D:3      | Found a blossoming altar of Fedhas.
  2895 | D:3      | Learned a level 3 spell: Mephitic Cloud
  2945 | D:3      | Found an opulent altar of Gozag.
  3707 | D:3      | Found a sacrificial altar of Ru.
  3842 | D:3      | Reached XP level 6. HP: 32/32 MP: 7/10
  4101 | D:4      | Reached skill level 1 in Conjurations
  4165 | D:4      | Noticed a phantom
  4348 | D:4      | Killed a phantom
  4348 | D:4      | Reached skill level 1 in Fire Magic
  4738 | D:4      | Reached skill level 5 in Poison Magic
  5080 | D:4      | Reached skill level 1 in Air Magic
  5080 | D:4      | Reached XP level 7. HP: 36/36 MP: 4/11
  5555 | D:5      | Entered Level 5 of the Dungeon
  5645 | D:5      | Found a staircase to the Ecumenical Temple.
  5660 | Temple   | Entered the Ecumenical Temple
  5723 | Temple   | Became a worshipper of Vehumet
  6751 | D:5      | Found a shimmering altar of Xom.
  6875 | D:5      | Found a shimmering blue altar of Sif Muna.
  7202 | D:6      | Reached XP level 8. HP: 40/41 MP: 6/13
  7330 | D:6      | Noticed Edmund
  7337 | D:6      | Killed Edmund
  7341 | D:6      | Reached skill level 6 in Poison Magic
  7918 | D:6      | Noticed an efreet
  7924 | D:6      | Killed from afar by an efreet

Illustrated notes

Levels and vault maps discovered:
D:1:      dpeg_arrival_windows_large_door, layout_loops_corners
D:2:      layout_loops_ring, nemelex_xobeh_ov_fountains_minmay,
          nicolae_dithmenos_through_a_glass_darkly, lemuel_round_altar
D:3:      layout_basic, marbit_many_paths, lemuel_doored_altar,
          fedhas_ov_isle_minmay
D:4:      layout_basic, first_ration
D:5:      layout_basic, gammafunk_temple_overflow_pools,
          minmay_temple_entry_antechambers, gup_sewer_entry_bowl,
          minmay_misc_feat_enclosed
D:6:      minmay_recursive_quarters, layout_basic, minmay_three_doors,
          uniq_edmund
Temple:   zaba_magenta_temple

Skill      XL: |  1  2  3  4  5  6  7  8 |
---------------+-------------------------+-----
Transmutations | 1 2 3 |  3.0
Dodging        | 2 3 |  3.4
Poison Magic   | 4 5 6 |  6.2
Conjurations   | 1 2 |  2.9
Spellcasting   | 3 |  3.8
Fire Magic     | 1 2 |  2.7
Air Magic      | 1 2 |  2.1
Stealth        | |  2.2

Action                   |  1- 3 |  4- 6 |  7- 9 || total
-------------------------+-------+-------+-------++-------
Melee: Unarmed           |     5 |       |       ||     5
       Short sword       |    15 |    64 |    35 ||   114
       Dire flail        |       |       |    22 ||    22
 Cast: Sting             |    50 |   147 |    80 ||   277
       Poisonous Vapours |       |     4 |     6 ||    10
       Mephitic Cloud    |       |     6 |     6 ||    12
       Ignite Poison     |       |     4 |     5 ||     9
  Use: Scroll            |       |       |     2 ||     2
  Eat: Chunk             |     2 |    13 |     7 ||    22
       Ration            |       |       |     1 ||     1
Armor: Robe              |    17 |    50 |   108 ||   175
Dodge: Dodged            |    42 |    91 |   132 ||   265
       Rpst.: Long sword |       |       |     2 ||     2
